 Dungeon Crawl Stone Soup version 0.18.1-48-g4cf74bf (webtiles) character file.

8962 Lennu the Nimble (level 11, -2/104 HPs)
             Began as a Grey Draconian Chaos Knight on June 27, 2016.
             Slain by a spiny frog (4 damage)
             ... summoned by Xom
             ... on level 1 of the Lair of Beasts.
             The game lasted 02:00:16 (11845 turns).

Lennu the Nimble (Grey Draconian Chaos Knight)     Turns: 11845, Time: 02:00:16

Health: -2/104     AC: 17    Str: 23    XL:     11   Next: 16%
Magic:  11/11      EV: 15    Int: 12    God:    Xom [*.....]
Gold:   381        SH:  9    Dex: 12    Spells: 0 memorised, 10 levels left

rFire  x . .     SeeInvis .     r - +3 morningstar
rCold  + . .     Gourm    .     (armour unavailable)
rNeg   . . .     Faith    .     I - +0 shield
rPois  .         Spirit   .     (helmet restricted)
rElec  .         Dismiss  .     q - +1 cloak
rCorr  .         Reflect  .     d - +2 pair of gloves
SustAt .         Harm     .     (no boots)
MR     .....                    (no amulet)
Stlth  +++.......               D - +3 ring of dexterity
                                v - ring of ice

@: mighty, not resistant to hostile enchantments, fairly stealthy
A: walk through water, unfitting armour, claws 1, clumsy 1, robust 1, wild magic
1, unbreathing, evolution 1, cold-blooded, AC +12
a: Renounce Religion


You were on level 1 of the Lair of Beasts.
You worshipped Xom.
You were a special plaything of Xom.
You were not hungry.

You visited 2 branches of the dungeon, and saw 11 of its levels.

You collected 381 gold pieces.

Inventory:

Hand Weapons
 a - a +0 mace of chaos
 r - a +3 morningstar (weapon)
 t - a +3 dire flail
 w - a +1 flail of holy wrath
 C - a +4 flail
Missiles
 A - 3 poisoned tomahawks
 R - a javelin (quivered)
Armour
 d - a +2 pair of gloves (worn)
 q - a +1 cloak (worn)
 I - a +0 shield (worn)
Jewellery
 v - a ring of ice (left hand)
 D - a +3 ring of dexterity (right hand)
 G - an uncursed ring of flight
 J - an uncursed ring of flight
Wands
 o - a wand of lightning (4/15)
 x - a wand of digging (10/24)
 y - a wand of lightning (1/15)
 F - a wand of paralysis (12/24)
 H - a wand of confusion (7/48)
Scrolls
 e - 3 scrolls of remove curse
 m - 6 scrolls of identify
 z - a scroll of random uselessness {unknown}
 B - a scroll of vulnerability {unknown}
 M - a scroll of enchant weapon
 S - a scroll of amnesia {unknown}
 T - a scroll of fog {unknown}
 U - a scroll of recharging
Potions
 c - 2 potions of ambrosia
 i - 5 potions of curing
 l - a potion of invisibility
 s - 4 potions of agility
 K - a potion of degeneration {unknown}
 L - a potion of resistance
 O - a potion of cancellation {unknown}
 P - 2 potions of cure mutation {unknown}
Books
 g - a book of Air

   Spells                             Type                      Level
   a - Shock                          Conjuration/Air              1
   b - Swiftness                      Charms/Air                   2
   c - Repel Missiles                 Charms/Air                   2
   d - Static Discharge               Conjuration/Air              3
   e - Lightning Bolt                 Conjuration/Air              5
 n - a book of Fire

   Spells                             Type                      Level
   a - Ignite Poison                  Fire/Transmutation/Poison    3
   b - Fireball                       Conjuration/Fire             5
   c - Bolt of Fire                   Conjuration/Fire             6
   d - Delayed Fireball               Conjuration/Fire             7
   e - Ring of Flames                 Charms/Fire                  7
 p - a book of Clouds

   Spells                             Type                      Level
   a - Mephitic Cloud                 Conjuration/Poison/Air       3
   b - Conjure Flame                  Conjuration/Fire             3
   c - Poisonous Cloud                Conjuration/Poison/Air       6
   d - Freezing Cloud                 Conjuration/Ice/Air          6
   e - Ring of Flames                 Charms/Fire                  7
Comestibles
 b - 8 bread rations
 h - 8 beef jerkies
 j - 5 meat rations
 u - 7 royal jellies
 N - 3 fruits
 Q - 4 chunks of flesh
 V - 9 inedible chunks of flesh


   Skills:
 * Level 8.8 Fighting
 * Level 8.6 Maces & Flails
 - Level 2.5 Throwing
 * Level 10.7 Dodging
 * Level 5.6 Stealth
 * Level 3.2 Shields
 + Level 0.4 Unarmed Combat
 + Level 0.2 Evocations


You had 10 spell levels left.
You didn't know any spells.

Dungeon Overview and Level Annotations

Branches:
Dungeon (10/15)            Temple (0/1) D:5            Lair (1/8) D:10
    Orc: D:9-12

Altars:
Gozag
Kikubaaqudgha
Makhleb
Qazlal
Xom
Zin

Shops:
D:5 *   D:8 *


Innate Abilities, Weirdness & Mutations

You can walk through water.
Your dull iron-grey scales are very hard (AC +12).
Your body does not fit into most forms of armour.
You can survive without breathing.
You are cold-blooded and may be slowed by cold attacks.
You have sharp fingernails.
You are clumsy. (Dex -2)
You are robust (+10% HP).
Your spells are a little harder to cast, but a little more powerful.
You evolve.


Message History

You block the spiny frog's attack. The river rat bites you.
* * * LOW HITPOINT WARNING * * *
The spiny frog stings you!
* * * LOW HITPOINT WARNING * * *
You are lethally poisoned!
The spiny frog poisons you! The river rat closely misses you.
Drink which item? (? for menu, Esc to quit)
You feel better.
The river rat bites you but does no damage.
The spiny frog barely misses you. The river rat misses you.
You puncture the river rat!
You kill the river rat!
The spiny frog closely misses you.
The iguana hisses menacingly.
You sock the river rat!
You kill the river rat!
The spiny frog stings you!
* * * LOW HITPOINT WARNING * * *
The river rat closely misses you. The spiny frog stings you.
You die...

* ### ..# .#.
#..## ** #...
#...# , , * *
##.%.#....# ,
#.........##
#>.....##..#
##.....##@†# *
#.....r5Fr## ,
#....rrl### *
##.._...r..#
#..._.<...## *
##..÷.....#
#........r# *
....#..#####.r#*
....##### ,##r(#
,


You could see a spiny frog, an iguana, 5 river rats and a white imp.

Vanquished Creatures
  A hill giant (D:10)
  A spiny frog (Lair:1)
  3 trolls (D:10)
  14 yaks
  2 wyverns (D:10)
  The ghost of Gargoyl the Skirmisher, an amateur DsAK of Lugonu (D:4)
  A hippogriff (D:9)
  A hungry ghost (D:10)
  A porcupine (Lair:1)
  An orc warrior (D:9)
  3 sky beasts
  2 ice beasts
  3 phantoms
  2 black bears
  A necrophage (D:6)
  4 ogres
  2 centaurs
  A wolf (D:10)
  A crocodile (D:8)
  3 big kobolds
  3 giant frogs
  A scorpion (D:5)
  A water moccasin skeleton (D:10)
  5 killer bees (D:7)
  3 wights (D:7)
  5 howler monkeys
  An electric eel (D:10)
  A giant frog zombie (D:5)
  3 crimson imps
  A quasit (D:9)
  A centaur skeleton (D:8)
  4 giant frog skeletons
  11 hounds
  Crazy Yiuf (D:2)
  5 orc priests
  3 jellies
  Ijyb (D:2)
  8 iguanas
  13 orc wizards
  10 worker ants
  A hound zombie (D:6)
  A hound skeleton (D:5)
  A howler monkey skeleton (D:5)
  10 gnolls
  11 adders
  3 river rats (Lair:1)
  A shadow imp (D:7)
  4 white imps (Lair:1)
  An ooze (D:1)
  4 adder zombies
  3 adder skeletons
  3 worms
  3 dart slugs
  2 giant geckos
  39 orcs
  4 giant cockroaches
  4 goblins
  2 hobgoblins
  7 jackals
  12 kobolds
  5 quokkas
  7 bats
  4 giant newts
  8 rats
269 creatures vanquished.

Vanquished Creatures (others)
  Eustachio (D:4)
1 creature vanquished.

Grand Total: 270 creatures vanquished

Notes
Turn   | Place    | Note
--------------------------------------------------------------
     0 | D:1      | Lennu the Draconian Chaos Knight began the quest for the Orb.
     0 | D:1      | Reached XP level 1. HP: 19/19 MP: 1/1
   123 | D:1      | XOM: harmless Hex miscast
   274 | D:1      | Reached XP level 2. HP: 24/26 MP: 2/2
   646 | D:2      | Found an ancient bone altar of Kikubaaqudgha.
   823 | D:2      | Noticed Ijyb
   833 | D:2      | Killed Ijyb
   833 | D:2      | Reached XP level 3. HP: 25/33 MP: 3/3
   880 | D:2      | Found a stormy altar of Qazlal.
   948 | D:2      | XOM: enchant monster (bad)
   955 | D:2      | XOM: smoke on damage
  1384 | D:2      | Reached XP level 4. HP: 38/40 MP: 4/4
  1391 | D:2      | XOM: harmless Air miscast
  1399 | D:2      | XOM: mild Hex miscast
  1483 | D:2      | XOM: harmless Air miscast
  1566 | D:2      | XOM: 7-stop teleportation journey
  1747 | D:2      | XOM is BORED!
  1747 | D:2      | XOM: summons 2 hostile demons
  1800 | D:2      | XOM: noise
  1821 | D:2      | Noticed Crazy Yiuf
  1837 | D:2      | Killed Crazy Yiuf
  1837 | D:2      | Reached skill level 1 in Stealth
  1966 | D:2      | XOM: harmless Trmt miscast
  2018 | D:3      | XOM: divination: detect items
  2024 | D:3      | XOM: harmless Divn miscast
  2028 | D:3      | Reached skill level 3 in Dodging
  2029 | D:3      | XOM: cast spell 'Spider Form'
  2051 | D:3      | XOM: divination: magic mapping
  2054 | D:3      | XOM: divination: detect creatures
  2055 | D:3      | XOM: smoke on damage
  2056 | D:3      | XOM: divination: magic mapping
  2059 | D:3      | Reached XP level 5. HP: 29/47 MP: 5/5
  2104 | D:3      | XOM: harmless Chrm miscast
  2170 | D:3      | XOM: silly message
  2851 | D:3      | XOM: colour smoke trail
  3133 | D:4      | Reached skill level 4 in Dodging
  3133 | D:4      | Reached XP level 6. HP: 17/55 MP: 6/6
  3387 | D:4      | XOM: mild Hex miscast
  3388 | D:4      | Reached skill level 5 in Fighting
  3636 | D:4      | XOM: mild Divn miscast
  3680 | D:4      | Reached skill level 1 in Throwing
  3680 | D:4      | Your scales start taking on a dull iron-grey colour.
  3680 | D:4      | Reached XP level 7. HP: 42/61 MP: 7/7
  3680 | D:4      | Gained mutation: You can survive without breathing. [Grey Draconian growth]
  3752 | D:4      | XOM: 8-stop teleportation journey
  3868 | D:4      | Noticed Gargoyl's ghost (amateur DsAK)
  3869 | D:4      | XOM: 1-stop teleportation journey
  4005 | D:4      | XOM: swap monsters
  4053 | D:4      | XOM: summons 3 hostile demons
  4095 | D:4      | XOM: blink monster(s)
  4116 | D:4      | Killed Gargoyl's ghost
  4116 | D:4      | Reached skill level 5 in Dodging
  4225 | D:4      | XOM: harmless Chrm miscast
  4327 | D:4      | Noticed Eustachio
  4333 | D:4      | Killed Eustachio
  4333 | D:4      | XOM: divine lightning (protected)
  4427 | D:4      | XOM: stat loss: -1 Str (15/16)
  4476 | D:4      | XOM: harmless Trmt miscast
  4552 | D:4      | XOM: colour smoke trail
  4766 | D:5      | Entered Level 5 of the Dungeon
  4815 | D:5      | XOM: confusion
  4831 | D:5      | Found a staircase to the Ecumenical Temple.
  4999 | D:5      | Reached XP level 8. HP: 69/70 MP: 8/8
  5031 | D:5      | Reached skill level 5 in Maces & Flails
  5031 | D:5      | Reached skill level 6 in Dodging
  5074 | D:5      | XOM: stat loss: -1 Str (16/17)
  5115 | D:5      | Found Hugo's Assorted Antiques.
  5150 | D:5      | XOM: 5-stop teleportation journey
  5311 | D:5      | XOM: severe Divn miscast
  5656 | D:5      | XOM: summons 4 hostile demons
  6073 | D:6      | XOM: chaos upgrade
  6075 | D:6      | XOM: confuse monster(s)
  6210 | D:6      | Reached skill level 7 in Dodging
  6212 | D:6      | XOM: smoke on damage
  6361 | D:6      | XOM: draining
  6453 | D:6      | XOM: mild Necr miscast
  6752 | D:6      | XOM: divination: detect creatures
  6789 | D:7      | Found a burning altar of Makhleb.
  6789 | D:7      | Noticed a green death
  7112 | D:7      | Reached XP level 9. HP: 45/78 MP: 9/9
  7468 | D:7      | XOM: summons 4 hostile demons
  7474 | D:7      | XOM: polymorph iron imp -> quasit
  7844 | D:7      | XOM: mild Hex miscast
  7934 | D:7      | XOM: harmless Necr miscast
  8147 | D:7      | XOM: potion effect (might)
  8222 | D:7      | XOM: 1-stop teleportation journey
  8406 | D:7      | Reached skill level 8 in Dodging
  8475 | D:7      | Noticed a hellwing
  8562 | D:8      | XOM: scenery: 1 doors open
  8716 | D:8      | Found Zin's Purification Station.
  8718 | D:8      | Found a glowing silver altar of Zin.
  8846 | D:8      | XOM is BORED!
  8846 | D:8      | XOM: medium Necr miscast
  8888 | D:8      | XOM: polymorph orc -> gnoll
  8919 | D:8      | Gained mutation: You have sharp toenails. [mutagenic meat]
  8920 | D:8      | Gained mutation: Your mind is acute. (Int +2) [mutagenic meat]
  8929 | D:8      | Lost mutation: You have sharp toenails. [mutagenic meat]
  8930 | D:8      | Gained mutation: You evolve. [mutagenic meat]
  8959 | D:8      | Gained mutation: Your tail ends in a poisonous barb. [mutagenic meat]
  8960 | D:8      | Gained mutation: Your spells are a little harder to cast, but a little more powerful. [mutagenic meat]
  8961 | D:8      | Gained mutation: You are robust (+10% HP). [mutagenic meat]
  8962 | D:8      | Gained mutation: You have sharp toenails. [mutagenic meat]
  9003 | D:8      | XOM: enchant monster (good)
  9181 | D:8      | XOM: harmless Fire miscast
  9182 | D:8      | XOM: summons 4 friendly demons
  9340 | D:8      | Lost mutation: You have sharp toenails. [evolution]
  9526 | D:9      | Reached skill level 9 in Dodging
  9546 | D:9      | XOM: fake destruction
  9548 | D:9      | XOM: scenery: create altars
  9556 | D:9      | XOM: cast spell 'Ring of Flames'
  9557 | D:9      | Reached XP level 10. HP: 87/94 MP: 10/10
  9558 | D:9      | XOM: divination: detect creatures
  9749 | D:9      | XOM: enchant monster (good)
  9755 | D:9      | XOM: enchant monster (good)
  9768 | D:9      | XOM: divination: detect items
  9775 | D:9      | XOM: divination: detect creatures
  9782 | D:9      | XOM: divination: detect creatures
  9785 | D:9      | XOM: blink monster(s)
  9789 | D:9      | Reached skill level 1 in Shields
  9800 | D:9      | XOM: 1-stop teleportation journey
 10192 | D:9      | Gained mutation: You passively map a small area around you. [mutagenic meat]
 10193 | D:9      | Lost mutation: Your mind is acute. (Int +2) [mutagenic meat]
 10194 | D:9      | Gained mutation: You have sharp fingernails. [mutagenic meat]
 10195 | D:9      | Gained mutation: You are clumsy. (Dex -2) [mutagenic meat]
 10227 | D:9      | XOM: 3-stop teleportation journey
 10375 | D:10     | Entered Level 10 of the Dungeon
 10429 | D:10     | XOM: mild Hex miscast
 10450 | D:10     | Found an opulent altar of Gozag.
 10495 | D:10     | Noticed a hill giant
 10511 | D:10     | Killed a hill giant
 10511 | D:10     | Reached skill level 10 in Dodging
 10511 | D:10     | Reached skill level 5 in Stealth
 10515 | D:10     | XOM: noise
 10529 | D:10     | XOM: chaos upgrade
 10559 | D:10     | XOM: enchant monster (bad)
 10693 | D:10     | XOM: 5-stop teleportation journey
 10701 | D:10     | XOM: scenery: create altars
 10704 | D:10     | XOM: destruction
 10783 | D:10     | Found a staircase to the Lair.
 10801 | D:10     | XOM: god gift: 7 royal jellies
 11101 | D:10     | XOM: cast spell 'Summon Small Mammal'
 11415 | D:10     | XOM: potion effect (agility)
 11419 | D:10     | XOM: potion effect (berserk rage)
 11424 | D:10     | XOM: draining
 11432 | D:10     | Reached XP level 11. HP: 104/104 MP: 11/11
 11603 | D:10     | XOM: chaos upgrade
 11607 | D:10     | XOM: blink monster(s)
 11674 | Lair:1   | Entered Level 1 of the Lair of Beasts
 11714 | Lair:1   | XOM: noise
 11750 | Lair:1   | XOM: scenery: create altars
 11821 | Lair:1   | XOM: summons 3 hostile shadow creatures
 11822 | Lair:1   | Lost mutation: You passively map a small area around you. [potion of mutation]
 11822 | Lair:1   | Lost mutation: Your tail ends in a poisonous barb. [potion of mutation]
 11845 | Lair:1   | HP: 2/104 [spiny frog[Xom] (12)]
 11845 | Lair:1   | Slain by a spiny frog

Skill      XL: |  1  2  3  4  5  6  7  8  9 10 11 |
---------------+----------------------------------+-----
Fighting       | 4 5 6 7 8 |  8.8
Stealth        | 1 2 3 4 5 |  5.6
Dodging        | 3 4 5 7 9 10 | 10.7
Maces & Flails | 4 6 7 8 |  8.6
Throwing       | 1 2 |  2.5
Shields        | 2 3 |  3.2
Unarmed Combat | |  0.4
Evocations     | |  0.2

Action                   |  1- 3 |  4- 6 |  7- 9 | 10-12 || total
-------------------------+-------+-------+-------+-------++-------
Melee: Mace              |    78 |   218 |    14 |       ||   310
       Tailslap          |     8 |    26 |    72 |    43 ||   149
       Unarmed           |       |     8 |       |       ||     8
       Morningstar       |       |    10 |   331 |   254 ||   595
       Flail             |       |       |   211 |     2 ||   213
       Dire flail        |       |       |    21 |     3 ||    24
       Kick              |       |       |     4 |       ||     4
Throw: Tomahawk          |     3 |    25 |    36 |     8 ||    72
       Javelin           |       |       |    35 |    17 ||    52
Evoke: Wand              |       |       |       |     5 ||     5
  Use: Potion            |     1 |     2 |       |    12 ||    15
       Scroll            |       |       |    15 |     1 ||    16
 Stab: Sleeping          |     1 |     2 |     4 |       ||     7
       Confused          |       |     2 |       |     1 ||     3
       Paralysed         |       |       |     2 |     1 ||     3
       Invisible         |       |       |       |     4 ||     4
  Eat: Chunk             |     2 |     2 |    14 |    15 ||    33
       Meat ration       |       |     1 |     1 |       ||     2
       Bread ration      |       |       |     3 |       ||     3
Armor: Skin              |    40 |   103 |   330 |   132 ||   605
Dodge: Dodged            |    60 |   195 |   627 |   240 ||  1122
Block: Shield            |       |       |       |   155 ||   155
